MLB
DETROIT TIGERS @ TORONTO BLUE JAYS
06/21/2042
 
TOP OF THE 1ST
Detroit Tigers batting - Pitching for Toronto Blue Jays : RHP Doug English
Pitching: RHP Doug English
Batting: LHB Kevin Richter 0-0: Called Strike
0-1: Called Strike
0-2: Ball
1-2: Foul Ball, location: 23FF
1-2: Strikes out swinging
Batting: LHB Gene Keys 0-0: Called Strike
0-1: Called Strike
0-2: Strikes out looking
Batting: LHB Eric Mason 0-0: Swinging Strike
0-1: Fly out, F8 (Flyball, 78XD, EV 91.3 MPH)
Top of the 1st over - 0 runs, 0 hits, 0 errors, 0 left on base; Detroit 0 - Toronto 0
BOTTOM OF THE 1ST
Toronto Blue Jays batting - Pitching for Detroit Tigers : RHP Arturo Gil
Pitching: RHP Arturo Gil
Batting: LHB Brad Hart 0-0: SINGLE (Line Drive, 5D, EV 98.8 MPH)
Batting: LHB Mike Lowe 0-0: Ball
1-0: 2-RUN HOME RUN (Flyball, 9D, EV 95.0 MPH), Distance : 372 ft
Batting: LHB José Trejo 0-0: Ball
1-0: Called Strike
1-1: SINGLE (Groundball, 34D, EV 96.3 MPH)
Batting: LHB Joe Mayes 0-0: SINGLE (Line Drive, 56, EV 101.9 MPH)
José Trejo to second
Batting: RHB Don Greene 0-0: Foul Ball, location: 23F
0-1: Ball
1-1: Grounds into double play, 5-4-3 (Groundball, 56S, EV 79.4 MPH)
José Trejo to third
Batting: RHB Joe Lindsay 0-0: Called Strike
0-1: Ground out 6-3 (Groundball, 6, EV 80.0 MPH)
Bottom of the 1st over - 2 runs, 4 hits, 0 errors, 1 left on base; Detroit 0 - Toronto 2
TOP OF THE 2ND
Detroit Tigers batting - Pitching for Toronto Blue Jays : RHP Doug English
Batting: LHB Luis Arroyo 0-0: Foul Ball, location: 2F
0-1: Fly out, F9 (Flyball, 89M, EV 91.3 MPH)
Batting: RHB Joaquín Medina 0-0: Foul Ball, location: 2F
0-1: Swinging Strike
0-2: Ground out 6-3 (Groundball, 6, EV 103.8 MPH)
Batting: RHB Luis Martínez 0-0: Called Strike
0-1: Foul Ball, location: 9LDF
0-2: Strikes out swinging
Top of the 2nd over - 0 runs, 0 hits, 0 errors, 0 left on base; Detroit 0 - Toronto 2
BOTTOM OF THE 2ND
Toronto Blue Jays batting - Pitching for Detroit Tigers : RHP Arturo Gil
Batting: RHB Augusto Guerra 0-0: Swinging Strike
0-1: Called Strike
0-2: Strikes out swinging
Batting: RHB Juan Luna 0-0: Ball
1-0: Ball
2-0: Ground out 5-3 (Groundball, 15, EV 88.1 MPH)
Batting: RHB Bob Powers 0-0: Fly out, F8 (Line Drive, 8LM, EV 90.0 MPH)
Bottom of the 2nd over - 0 runs, 0 hits, 0 errors, 0 left on base; Detroit 0 - Toronto 2
TOP OF THE 3RD
Detroit Tigers batting - Pitching for Toronto Blue Jays : RHP Doug English
Batting: LHB José Perea 0-0: Ball
1-0: Called Strike
1-1: Ball
2-1: Ball
3-1: Foul Ball, location: 3FF
3-2: SINGLE (Groundball, 3D, EV 101.3 MPH)
Batting: RHB Lião Palma 0-0: Swinging Strike
0-1: Ball
1-1: Foul Ball, location: 7LDF
1-2: Strikes out swinging
Batting: LHB Shawn Kline 0-0: Ball
1-0: Ball
2-0: Ball
3-0: Called Strike
3-1: Fielders Choice at 2nd, 4-6 (Groundball, 4S, EV 91.9 MPH)
Batting: LHB Kevin Richter 0-0: Called Strike
0-1: Ball
1-1: Foul Ball, location: 23F
1-2: Ball
2-2: Foul Ball, location: 9LSF
2-2: Strikes out swinging
Top of the 3rd over - 0 runs, 1 hit, 0 errors, 1 left on base; Detroit 0 - Toronto 2
BOTTOM OF THE 3RD
Toronto Blue Jays batting - Pitching for Detroit Tigers : RHP Arturo Gil
Batting: LHB Brad Hart 0-0: Called Strike
0-1: Ball
1-1: Ball
2-1: Ball
3-1: Ground out 5-3 (Groundball, 56S, EV 65.0 MPH)
Batting: LHB Mike Lowe 0-0: Swinging Strike
0-1: Fly out, F9 (Flyball, 89M, EV 90.0 MPH)
Batting: LHB José Trejo 0-0: Ball
1-0: Called Strike
1-1: Ball
2-1: SOLO HOME RUN (Flyball, 9LD, EV 93.8 MPH), Distance : 341 ft
Batting: LHB Joe Mayes 0-0: Called Strike
0-1: Ball
1-1: Ball
2-1: Ball
3-1: SOLO HOME RUN (Line Drive, 7LD, EV 96.3 MPH), Distance : 362 ft
Batting: RHB Don Greene 0-0: Ball
1-0: Called Strike
1-1: SINGLE (Line Drive, 7LM, EV 96.9 MPH)
Batting: RHB Joe Lindsay 0-0: Called Strike
0-1: Ball
1-1: Called Strike
1-2: Ball
2-2: Ball
3-2: Foul Ball, location: 2F
3-2: Foul Ball, location: 9LSF
3-2: Base on Balls
Don Greene to second
Batting: RHB Augusto Guerra 0-0: Called Strike
0-1: Swinging Strike
0-2: Fly out, F9 (Flyball, 9S, EV 89.4 MPH)
Bottom of the 3rd over - 2 runs, 3 hits, 0 errors, 2 left on base; Detroit 0 - Toronto 4
TOP OF THE 4TH
Detroit Tigers batting - Pitching for Toronto Blue Jays : RHP Doug English
Batting: LHB Gene Keys 0-0: Called Strike
0-1: Ball
1-1: Swinging Strike
1-2: Fly out, F3 (Popup, 23F, EV 83.8 MPH)
Batting: LHB Eric Mason 0-0: Called Strike
0-1: Ball
1-1: Ball
2-1: Called Strike
2-2: Strikes out swinging
Batting: LHB Luis Arroyo 0-0: Ball
1-0: Called Strike
1-1: Swinging Strike
1-2: TRIPLE (Flyball, 89XD, EV 101.9 MPH)
Batting: RHB Joaquín Medina 0-0: Called Strike
0-1: Swinging Strike
0-2: Ball
1-2: Fly out, F8 (Line Drive, 8LD, EV 95.6 MPH)
Top of the 4th over - 0 runs, 1 hit, 0 errors, 1 left on base; Detroit 0 - Toronto 4
BOTTOM OF THE 4TH
Toronto Blue Jays batting - Pitching for Detroit Tigers : RHP Arturo Gil
Batting: RHB Juan Luna 0-0: Swinging Strike
0-1: Ground out 5-3 (Groundball, 5, EV 81.9 MPH)
Batting: RHB Bob Powers 0-0: Ball
1-0: Ball
2-0: Fly out, F2 (Popup, 15S, EV 85.0 MPH)
Batting: LHB Brad Hart 0-0: Swinging Strike
0-1: Foul Ball, location: 2F
0-2: Ball
1-2: Fly out, F9 (Line Drive, 9, EV 103.8 MPH)
Bottom of the 4th over - 0 runs, 0 hits, 0 errors, 0 left on base; Detroit 0 - Toronto 4
TOP OF THE 5TH
Detroit Tigers batting - Pitching for Toronto Blue Jays : RHP Doug English
Batting: RHB Luis Martínez 0-0: Ground out 6-3 (Groundball, 6M, EV 78.8 MPH)
Batting: LHB José Perea 0-0: Ball
1-0: Ball
2-0: Called Strike
2-1: Called Strike
2-2: SINGLE (Line Drive, 8RS, EV 93.1 MPH)
Batting: RHB Lião Palma 0-0: Ball
1-0: Called Strike
José Perea steals 2nd base (no throw)
1-1: Called Strike
1-2: Fly out, F9 (Flyball, 9D, EV 107.5 MPH)
Runner from 2nd tags up, SAFE at 3rd, no throw by RF
Batting: LHB Shawn Kline 0-0: Foul Ball, location: 2F
0-1: Ball
1-1: Ball
2-1: Ball
3-1: Foul Ball, location: 5F
3-2: Base on Balls
Batting: LHB Kevin Richter 0-0: Ball
Shawn Kline steals 2nd base
1-0: Called Strike
1-1: Called Strike
1-2: Ground out 4-3 (Groundball, 4, EV 105.6 MPH)
Top of the 5th over - 0 runs, 1 hit, 0 errors, 2 left on base; Detroit 0 - Toronto 4
BOTTOM OF THE 5TH
Toronto Blue Jays batting - Pitching for Detroit Tigers : RHP Arturo Gil
Batting: LHB Mike Lowe 0-0: Called Strike
0-1: Swinging Strike
0-2: Ball
1-2: Strikes out swinging
Batting: LHB José Trejo 0-0: Called Strike
0-1: Foul Ball, location: 9LMF
0-2: Ball
1-2: DOUBLE (Flyball, 8RXD, EV 96.3 MPH)
Batting: LHB Joe Mayes 0-0: Fly out, F9 (Flyball, 9D, EV 86.3 MPH)
Batting: RHB Don Greene 0-0: Ball
1-0: Ball
2-0: Ball
3-0: Called Strike
3-1: Base on Balls
Batting: RHB Joe Lindsay 0-0: Foul Ball, location: 9LMF
0-1: Called Strike
0-2: TRIPLE (Line Drive, 78XD, EV 102.5 MPH)
José Trejo scores
Don Greene scores
Pitching: LHP Alvin Williams
Batting: RHB Augusto Guerra 0-0: Ball
1-0: Swinging Strike
1-1: Ball
2-1: Ground out 6-3 (Groundball, 6, EV 93.8 MPH)
Bottom of the 5th over - 2 runs, 2 hits, 0 errors, 1 left on base; Detroit 0 - Toronto 6
TOP OF THE 6TH
Detroit Tigers batting - Pitching for Toronto Blue Jays : RHP Doug English
Batting: LHB Gene Keys 0-0: Called Strike
0-1: Swinging Strike
0-2: Strikes out swinging
Batting: LHB Eric Mason 0-0: Called Strike
0-1: Foul Ball, location: 2F
0-2: Foul Ball, location: 7LDF
0-2: Ball
1-2: Ball
2-2: Foul Ball, location: 3DF
2-2: Ground out 4-3 (Groundball, 4, EV 97.5 MPH)
Batting: LHB Luis Arroyo 0-0: Fly out, F8 (Flyball, 78S, EV 80.6 MPH)
Top of the 6th over - 0 runs, 0 hits, 0 errors, 0 left on base; Detroit 0 - Toronto 6
BOTTOM OF THE 6TH
Toronto Blue Jays batting - Pitching for Detroit Tigers : LHP Alvin Williams
Batting: RHB Juan Luna 0-0: Swinging Strike
0-1: Ball
1-1: Ball
2-1: Ball
3-1: SINGLE (Line Drive, 34D, EV 106.9 MPH)
Batting: RHB Bob Powers 0-0: Called Strike
0-1: Grounds into double play, 6-4-3 (Groundball, 56D, EV 98.8 MPH)
Batting: LHB Brad Hart 0-0: Fly out, F7 (Flyball, 7, EV 84.4 MPH)
Bottom of the 6th over - 0 runs, 1 hit, 0 errors, 0 left on base; Detroit 0 - Toronto 6
TOP OF THE 7TH
Detroit Tigers batting - Pitching for Toronto Blue Jays : RHP Doug English
Batting: RHB Joaquín Medina 0-0: Ball
1-0: Foul Ball, location: 5DF
1-1: Ground out 6-3 (Groundball, 6, EV 89.4 MPH)
Batting: RHB Luis Martínez 0-0: Fly out, F8 (Line Drive, 8RD, EV 90.0 MPH)
Batting: LHB José Perea 0-0: Ball
1-0: Swinging Strike
1-1: Ball
2-1: Ball
3-1: Swinging Strike
3-2: Strikes out swinging
Top of the 7th over - 0 runs, 0 hits, 0 errors, 0 left on base; Detroit 0 - Toronto 6
BOTTOM OF THE 7TH
Toronto Blue Jays batting - Pitching for Detroit Tigers : LHP Alvin Williams
Batting: LHB Mike Lowe 0-0: Swinging Strike
0-1: Fly out, F7 (Flyball, 7, EV 95.0 MPH)
Batting: LHB José Trejo 0-0: Called Strike
0-1: Ball
1-1: Ball
2-1: Fly out, F8 (Flyball, 78D, EV 88.8 MPH)
Batting: LHB Joe Mayes 0-0: Called Strike
0-1: Ball
1-1: Ground out 1-3 (Groundball, 13S, EV 66.9 MPH)
Bottom of the 7th over - 0 runs, 0 hits, 0 errors, 0 left on base; Detroit 0 - Toronto 6
TOP OF THE 8TH
Detroit Tigers batting - Pitching for Toronto Blue Jays : RHP Doug English
Batting: RHB Lião Palma 0-0: Ball
1-0: Ball
2-0: Called Strike
2-1: Swinging Strike
2-2: Ball
3-2: Foul Ball, location: 3FF
3-2: Strikes out swinging
Pitching: LHP Rubén Mendoza
Batting: LHB Shawn Kline 0-0: Ground out 4-3 (Groundball, 4, EV 85.0 MPH)
Pinch Hitting: RHB Jesús Barajas 0-0: Ball
1-0: Ball
2-0: Called Strike
2-1: Ground out 6-3 (Groundball, 56, EV 86.9 MPH)
Top of the 8th over - 0 runs, 0 hits, 0 errors, 0 left on base; Detroit 0 - Toronto 6
BOTTOM OF THE 8TH
Toronto Blue Jays batting - Pitching for Detroit Tigers : LHP Alvin Williams
Now in RF: Sam Brock
Batting: RHB Don Greene 0-0: Ball
1-0: Ground out 5-3 (Groundball, 56, EV 83.8 MPH)
Batting: RHB Joe Lindsay 0-0: Ball
1-0: Ball
2-0: Called Strike
2-1: Foul Ball, location: 9LMF
2-2: Ball
3-2: Strikes out swinging
Batting: RHB Augusto Guerra 0-0: Called Strike
0-1: Fly out, F8 (Flyball, 8RM, EV 88.8 MPH)
Bottom of the 8th over - 0 runs, 0 hits, 0 errors, 0 left on base; Detroit 0 - Toronto 6
TOP OF THE 9TH
Detroit Tigers batting - Pitching for Toronto Blue Jays : LHP Rubén Mendoza
Batting: LHB Gene Keys 0-0: Ball
1-0: Ball
2-0: Called Strike
2-1: Ball
3-1: Base on Balls
Batting: LHB Eric Mason 0-0: Foul Ball, location: 3FF
0-1: Ball
1-1: SINGLE (Line Drive, 6MD, EV 98.8 MPH)
Gene Keys to second
Batting: LHB Luis Arroyo 0-0: Called Strike
0-1: Fielders Choice at 2nd, 3-6 (Groundball, 3, EV 85.0 MPH)
Gene Keys to third
Batting: RHB Joaquín Medina 0-0: Called Strike
0-1: DOUBLE (Line Drive, 9LS, EV 96.9 MPH)
Gene Keys scores
Luis Arroyo to third
Batting: RHB Luis Martínez 0-0: Ball
1-0: Foul Ball, location: 2F
1-1: Ball
2-1: Foul Ball, location: 3F
2-2: DOUBLE (Groundball, 5L, EV 103.8 MPH)
Luis Arroyo scores
Joaquín Medina scores
Pitching: RHP Jorge Rivera
Batting: LHB José Perea 0-0: Ball
1-0: Ball
2-0: Called Strike
2-1: Called Strike
2-2: Ball
3-2: Base on Balls
Batting: RHB Lião Palma 0-0: Ball
1-0: Ground out 5-3 (Groundball, 56S, EV 73.8 MPH)
Luis Martínez to third
José Perea to second
Batting: LHB Shawn Kline 0-0: Called Strike
0-1: Ball
1-1: Foul Ball, location: 2LF
1-2: Fly out, F9 (Flyball, 9, EV 93.1 MPH)
Top of the 9th over - 3 runs, 3 hits, 0 errors, 2 left on base; Detroit 3 - Toronto 6
Friday, May 3rd , 2024 - OOTP Baseball 24.10 Build 82